 Dungeon Crawl Stone Soup version 0.29.1-2-gbd0b4ee654 (webtiles) character file.

Game seed: 14214863981581091499

14 Raikaria the Conjurer (level 2, -1/26 HPs)
             Began as an Ogre Conjurer on Nov 22, 2022.
             Slain by a rat (2 damage)
             ... on level 2 of the Dungeon.
             The game lasted 00:01:18 (384 turns).

Raikaria the Conjurer (Ogre Conjurer)                Turns: 384, Time: 00:01:19

Health: -1/26      AC:  3    Str: 10    XL:     2   Next: 41%
Magic:  2/5        EV:  9    Int: 19    God:
Gold:   0          SH:  0    Dex:  7    Spells: 3/6 levels left

rFire   . . .      SeeInvis .   (no weapon)
rCold   . . .      Faith    .   (no shield)
rNeg    . . .      Spirit   .   a - +0 robe
rPois   .          Reflect  .   (helmet restricted)
rElec   .          Harm     .   (no cloak)
rCorr   .          Rampage  .   (gloves unavailable)
Will    .....                   (boots unavailable)
Stlth   +.........              (no amulet)
HPRegen 0.08/turn               (no ring)
MPRegen 0.09/turn               (no ring)

@: no status effects
A: large, unfitting armour, tough skin 1
a: no special abilities


You were on level 2 of the Dungeon.
You visited 1 branch of the dungeon, and saw 2 of its levels.

Inventory:

Armour
 a - a +0 robe (worn)
Scrolls
 c - a scroll of noise {unknown}
Potions
 b - a potion of magic


   Skills:
 + Level 0.3 Fighting
 - Level 1.7 Dodging
 - Level 1.4 Stealth
 + Level 2.6 Spellcasting
 + Level 4.0 Conjurations


You had 3 spell levels left.
You knew the following spells:

 Your Spells              Type           Power      Damage    Failure   Level
a - Magic Dart            Conj           72%        1d6       3%          1
b - Searing Ray           Conj           36%        2d5       4%          2

Your spell library contained the following spells:

 Spells                   Type           Power      Damage    Failure   Level
 Dazzling Flash           Conj/Hex       20%        N/A       21%         3
 Fulminant Prism          Conj/Hex       5%         3d7       56%         4
 Iskenderun's Mystic Bla  Conj/Tloc      10%        2d4       56%         4


Dungeon Overview and Level Annotations

Branches:
Dungeon (2/15)

Altars:


Innate Abilities, Weirdness & Mutations

You are too large for most types of armour.
You have tough skin. (AC +1)


Message History

You closely miss the hobgoblin. Your punch misses the hobgoblin.
The endoplasm barely misses you.
The hobgoblin hits you but does no damage.
You closely miss the hobgoblin. The hobgoblin hits you.
The endoplasm freezes you.
You are frozen.
You barely miss the hobgoblin. The endoplasm freezes you.
You are frozen.
The hobgoblin hits you.
You hit the hobgoblin.
The hobgoblin is heavily wounded.
The hobgoblin hits you. The endoplasm hits you.
You hit the hobgoblin but do no damage.
The hobgoblin is heavily wounded.
The endoplasm hits you but does no damage.
The hobgoblin closely misses you.
You hit the hobgoblin.
The hobgoblin is severely wounded.
The endoplasm hits you but does no damage.
The hobgoblin hits you.
You closely miss the hobgoblin.
The hobgoblin is severely wounded.
The hobgoblin hits you but does no damage.
The rat bites you but does no damage. The endoplasm barely misses you.
You barely miss the hobgoblin.
The hobgoblin is severely wounded.
The rat bites you. The endoplasm barely misses you.
The hobgoblin barely misses you.
You completely miss the hobgoblin.
The hobgoblin is severely wounded.
The hobgoblin hits you.
* * * LOW HITPOINT WARNING * * *
The rat closely misses you. The endoplasm freezes you.
You are frozen.
* * * LOW HITPOINT WARNING * * *
You completely miss the hobgoblin.
The hobgoblin is severely wounded.
The rat bites you.
You die...

############
#..r@gl.....
#..##Jw.#...
#.## ...#
#.###..##
#......#
#)(...##
#w..###
#)####
#l...####


You could see a worm, an endoplasm, a hobgoblin, a frilled lizard and a rat.

Vanquished Creatures
  A ball python (D:1)
  2 endoplasms
  A giant cockroach (D:1)
  2 goblins
  2 quokkas (D:1)
  2 kobolds
  2 rats (D:1)
12 creatures vanquished.

Notes
Turn   | Place    | Note
-------+----------+-------------------------------------------
     0 | D:1      | Raikaria the Ogre Conjurer began the quest for the Orb.
     0 | D:1      | Reached XP level 1. HP: 16/16 MP: 3/3
   131 | D:1      | Reached XP level 2. HP: 14/24 MP: 0/5
   189 | D:1      | Learned a level 2 spell: Searing Ray
   285 | D:1      | Reached skill level 4 in Conjurations
   355 | D:1      | You fall into a shaft and drop 1 floor!
   383 | D:2      | HP: 1/26 [frozen (5)]
   384 | D:2      | Slain by a rat

Illustrated notes

Levels and vault maps discovered:
D:1:      nicolae_arrival_somewhat_less_tricky_arrival, layout_loops_ring,
          nicolae_wormholes
D:2:      minmay_recursive_quarters, layout_rooms, uniq_terence

Skill      XL: |  1  2 |
---------------+-------+-----
Conjurations   | 4 |  4.0
Fighting       | |  0.3
Dodging        | |  1.7
Stealth        | |  1.4
Spellcasting   | |  2.6

Action                   || total
-------------------------++-------
Melee: Unarmed           ||    29
 Cast: Magic Dart        ||    17
       Searing Ray       ||     1
Armor: Robe              ||     9
Dodge: Dodged            ||    17
